 Dungeon Crawl Stone Soup version 0.21-a0-504-g2eda33064f (webtiles) character file.

71 Infinimo the Chopper (level 4, 33/39 HPs)
             Began as a Hill Orc Monk on Nov 23, 2017.
             Quit the game on level 2 of the Dungeon on Nov 26, 2017.
             The game lasted 00:03:10 (1704 turns).

Infinimo the Chopper (Hill Orc Monk)                Turns: 1704, Time: 00:03:10

Health: 33/39      AC:  3    Str: 14    XL:     4   Next: 24%
Magic:  4/4        EV: 13    Int: 10    God:
Gold:   82         SH:  0    Dex: 13    Spells: 3/3 levels left

rFire    . . .     SeeInvis .   a - +0 hand axe
rCold    . . .     Gourm    .   (no shield)
rNeg     . . .     Faith    .   b - +1 robe
rPois    .         Spirit   .   (no helmet)
rElec    .         Reflect  .   (no cloak)
rCorr    .         Harm     .   (no gloves)
MR       .....                  (no boots)
Stlth    ++........             (no amulet)
HPRegen  0.13/turn              (no ring)
MPRegen  0.09/turn              (no ring)

@: no status effects
A: no striking features
a: no special abilities


You were on level 2 of the Dungeon.
You were hungry.

You visited 1 branch of the dungeon, and saw 2 of its levels.

You collected 82 gold pieces.

Inventory:

Hand Weapons
 a - a +0 hand axe (weapon)
Armour
 b - a +1 robe (worn)
Scrolls
 e - 2 scrolls of identify
 f - a scroll of fear {unknown}
 k - a scroll of amnesia {unknown}
Potions
 d - a potion of berserk rage
 g - a potion of agility {unknown}
 i - a potion of might {unknown}
 j - a potion of curing {unknown}
Comestibles
 c - a bread ration
 h - 3 fruits


   Skills:
 - Level 3.6 Fighting
 + Level 5.4 Axes
 - Level 2.4 Dodging
 + Level 2.9 Stealth


You had 3 spell levels left.
You didn't know any spells.

Dungeon Overview and Level Annotations

Branches:
Dungeon (2/15)

Altars:


Message History

The adder is severely wounded.
The adder is severely wounded.
The adder bites you.
The adder is severely wounded.
The adder is severely wounded.
The adder is almost dead.
The adder bites you.
The adder is almost dead.
The adder bites you.
You kill the adder!
No target in view!
No target in view!
No target in view!
No target in view!
Welcome back, Infinimo the Hill Orc Monk.
Press ? for a list of commands and other information.
Saving game... please wait.
Welcome back, Infinimo the Hill Orc Monk.
Press ? for a list of commands and other information.
Are you sure you want to abandon this character and quit the game? (Confirm with "yes".)

#.###########
#............
######.....#######
#)...'.....'......
#.####.....#######
#.# #.........#
#.# #.........#
#.# #####.....#
#@# #.....# #†#
#†....# #.#
####### #.# #.#
#># #.# #.#


There were no monsters in sight!

Vanquished Creatures
  2 adders (D:2)
  A worm (D:2)
  3 giant cockroaches
  7 goblins
  6 hobgoblins (D:1)
  3 jackals (D:1)
  A quokka (D:2)
  A ball python (D:2)
  7 bats
  3 frilled lizards
  7 kobolds
  4 rats
45 creatures vanquished.

Notes
Turn   | Place    | Note
-------+----------+-------------------------------------------
     0 | D:1      | Infinimo the Hill Orc Monk began the quest for the Orb.
     0 | D:1      | Reached XP level 1. HP: 19/19 MP: 1/1
   120 | D:1      | Reached XP level 2. HP: 23/26 MP: 2/2
   890 | D:1      | Reached XP level 3. HP: 31/31 MP: 3/3
  1144 | D:2      | Reached skill level 5 in Axes
  1632 | D:2      | Reached XP level 4. HP: 34/39 MP: 4/4
  1704 | D:2      | Upgraded the game from 0.21-a0-496-g696f58f537 to 0.21-a0-504-g2eda33064f
  1704 | D:2      | Quit the game

Vault maps used:
D:1:      lemuel_arrival_lava_pool, patterned_corridor

Skill      XL: |  1  2  3 |
---------------+----------+-----
Stealth        | 2 |  2.9
Axes           | 5 |  5.4
Fighting       | |  3.6
Dodging        | |  2.4

Action                   |  1- 3 |  4- 6 || total
-------------------------+-------+-------++-------
Melee: Hand axe          |   132 |    18 ||   150
  Use: Scroll            |     3 |       ||     3
 Stab: Sleeping          |     7 |       ||     7
  Eat: Chunk             |     2 |       ||     2
Armor: Robe              |    16 |     1 ||    17
Dodge: Dodged            |    96 |    15 ||   111

Table legend:
 A = Spawn XP
 B = Non-spawn XP
 C = Spawn XP percentage of total XP
 D = Spawn monster count
 E = Non-spawn monster count
 F = Spawn count percentage of total count
 G = Total turns spent on level
                    A         B        C        D         E        F      G
               +---------+---------+-------+---------+---------+-------+---------
         Total |       0 |     102 |   0.0 |       0 |      45 |   0.0 |  1704
               +---------+---------+-------+---------+---------+-------+---------
           D:1 |       0 |      46 |   0.0 |       0 |      27 |   0.0 |  1097
           D:2 |       0 |      56 |   0.0 |       0 |      18 |   0.0 |   607
               +---------+---------+-------+---------+---------+-------+---------
